 Dungeon Crawl Stone Soup version 0.20.0-8-g6b59dc7 (webtiles) character file.

7798 Kosschaser the Covert (level 11, -5/52 HPs)
             Began as a Vine Stalker Enchanter on May 30, 2017.
             Was a Priest of Dithmenos.
             Slain by a white ugly thing (13 damage)
             ... in an ice cave.
             The game lasted 00:57:53 (8671 turns).

Kosschaser the Covert (Vine Stalker Enchanter)      Turns: 8671, Time: 00:57:54

Health: -5/52      AC:  8    Str: 12    XL:     11   Next: 20%
Magic:  0/22       EV: 15    Int: 15    God:    Dithmenos [***...]
Gold:   417        SH:  3    Dex: 17    Spells: 10/24 levels left

rFire    . . .     SeeInvis .   M - +1 rapier (elec)
rCold    + . .     Gourm    .   (no shield)
rNeg     . . .     Faith    .   F - +1 robe {MR+}
rPois    .         Spirit   +   e - +0 helmet
rElec    .         Reflect  +   R - scarf {cloud immunity}
rCorr    .         Harm     .   h - +0 pair of gloves
MR       ++...                  (no boots)
Stlth    ++++++++..             j - +3 amulet of reflection
Regen    0.6/turn               Q - ring of protection from cold
MPRegen  0.2/turn               f - +3 ring of protection

@: wreathed by umbra
A: fangs 3, regeneration 1, magic shield, antimagic bite, no potion heal 3, rot
immunity
a: Shadow Step, Renounce Religion


You were in an ice cave.
You worshipped Dithmenos.
Dithmenos was most pleased with you.
You were very hungry.

You visited 2 branches of the dungeon, and saw 12 of its levels.
You also visited: Ice Cave.

You collected 589 gold pieces.
You spent 172 gold pieces at shops.

Inventory:

Hand Weapons
 k - a +2 dagger of draining
 M - a +1 rapier of electrocution (weapon)
Armour
 e - a +0 helmet (worn)
 h - a +0 pair of gloves (worn)
 q - a +0 cloak
 F - a +1 robe of magic resistance (worn)
 R - a scarf of cloud immunity (worn)
Jewellery
 f - a +3 ring of protection (right hand)
 j - a +3 amulet of reflection (around neck)
 r - an uncursed ring of protection from magic
 L - an uncursed ring of protection from magic
 Q - a ring of protection from cold (left hand)
Wands
 C - a wand of paralysis (13/24)
 G - a wand of digging (13/24)
 H - a wand of lightning (11/15)
 J - a wand of lightning (11/15)
Scrolls
 l - a scroll of amnesia
 s - a scroll of fear
 u - 2 scrolls of enchant armour
 y - 3 scrolls of remove curse
 z - 2 scrolls of recharging
 A - a scroll of fog {unknown}
 B - 4 scrolls of blinking
 D - 2 scrolls of teleportation
 E - a scroll of magic mapping
 N - a scroll of vulnerability {unknown}
Potions
 b - a potion of agility
 i - 2 potions of flight {unknown}
 m - 2 potions of mutation {unknown}
 n - a potion of ambrosia {unknown}
 o - 12 potions of curing
 p - 2 potions of haste {unknown}
 t - a potion of might {unknown}
 I - 2 potions of resistance {unknown}
 K - a potion of berserk rage {unknown}
 O - a potion of brilliance {unknown}
Books
 c - a book of Maledictions

   Spells                             Type                      Level
   a - Corona                         Hexes                        1
   b - Ensorcelled Hibernation        Hexes/Ice                    2
   c - Confuse                        Hexes                        3
   d - Tukima's Dance                 Hexes                        3
   e - Dazzling Spray                 Conjuration/Hexes            3
 w - a book of Misfortune

   Spells                             Type                      Level
   a - Confusing Touch                Hexes                        1
   b - Confuse                        Hexes                        3
   c - Gell's Gravitas                Translocation                3
   d - Petrify                        Transmutation/Earth          4
   e - Metabolic Englaciation         Hexes/Ice                    5
   f - Yara's Violent Unravelling     Hexes/Transmutation          5
Comestibles
 d - 6 bread rations
 v - 8 meat rations
 x - 2 royal jellies
 P - 4 fruits


   Skills:
 + Level 3.5 Fighting
 + Level 5.5 Short Blades
 + Level 4.4 Dodging
 + Level 13.7 Stealth
 + Level 7.0 Spellcasting
 + Level 6.3 Hexes
 + Level 4.3 Ice Magic
 + Level 0.2 Invocations


You had 10 spell levels left.
You knew the following spells:

 Your Spells              Type           Power        Failure   Level  Hunger
a - Corona                Hex            ###....      1%          1    None
b - Ensorcelled Hibernat  Hex/Ice        ###...       2%          2    None
c - Confuse               Hex            ###.....     3%          3    ##.....
d - Tukima's Dance        Hex            ###.....     3%          3    ##.....
e - Metabolic Englaciati  Hex/Ice        ###.......   38%         5    #####..


Dungeon Overview and Level Annotations

Branches:
Dungeon (11/15)            Temple (1/1) D:4            Lair (0/6) D:10
    Orc (0/2) D:11

Altars:
Ashenzari
Cheibriados
Dithmenos
Elyvilon
Fedhas
Gozag
Hepliaklqana
Kikubaaqudgha
Makhleb
Nemelex Xobeh
Okawaru
Qazlal
Ru
Sif Muna
Trog
Uskayaw
Vehumet
Xom
Yredelemnul
Zin
The Shining One

Shops:
D:8 !   D:9 ?

Annotations:
IceCv exclusion: 2 ice statues


Innate Abilities, Weirdness & Mutations

You have razor-sharp teeth.
Your natural rate of healing is unusually fast.
When hurt, damage is shared between your health and your magic reserves.
Your bite disrupts and absorbs the magic of your enemies.
Potions cannot restore your health.
You are immune to rotting.


Message History

Unknown command.
Casting: Ensorcelled Hibernation
Confirm with . or Enter, or press ? or * to list all spells.
Aiming: Confuse
Press: ? - help, Shift-Dir - straight line, f - white ugly thing
Aim: a white ugly thing (lightly wounded, umbra, chance to defeat MR: 36%)
The white ugly thing easily resists.
The white ugly thing kicks you!
* * * LOW HITPOINT WARNING * * *
The white ugly thing freezes you. You resist.
* * * LOW HITPOINT WARNING * * *
The white ugly thing kicks you but does no damage.
The white ugly thing closely misses you.
The white ugly thing misses you.
You see here a trident.
You block the white ugly thing's attack.
You are feeling very hungry.
The white ugly thing kicks you!
* * * LOW HITPOINT WARNING * * *
The white ugly thing freezes you! You resist.
You die...

##.......##
#.........#
#.........#
#.........#
#.........#
#8.......8#
#####.#####
#.).....[.#
#(@u......#
#........)#
#.........#
#.........#
##.......##
##.....##
###.###
##.....##
##.......##


You could see a white ugly thing.

Vanquished Creatures
  The ghost of luab the Fighter, a novice MiFi of Ru (D:9)
  A two-headed ogre (D:9)
  Pikel (D:5)
  A gargoyle (D:10)
  A troll (D:6)
  A shadow (D:8)
  Sigmund (D:2)
  6 yaks
  2 wyverns
  A hungry ghost (D:9)
  Edmund (D:5)
  An orc warrior (D:11)
  8 ice beasts
  The ghost of Rrauwl the Ruffian, an amateur TrMo (D:3)
  3 sky beasts
  4 ogres
  6 centaurs
  A big kobold (D:8)
  4 bullfrogs
  2 scorpions
  3 wights (D:7)
  3 killer bees (D:9)
  2 crimson imps
  A bullfrog zombie (D:5)
  A quasit (D:6)
  3 centaur zombies
  3 jellies
  An orc priest (D:9)
  A hound (D:7)
  6 orc wizards
  2 bullfrog skeletons
  A centaur skeleton (D:5)
  A gnoll shaman (D:10)
  3 iguanas
  Natasha (twice) (D:2)
  2 worker ants
  A hound zombie (D:8)
  2 hound skeletons
  A howler monkey zombie (D:4)
  2 worker ant zombies
  9 gnolls
  10 adders
  4 shadow imps
  2 adder zombies (D:4)
  2 adder skeletons
  4 worms
  3 dart slugs (D:1)
  5 leopard geckos
  21 orcs
  2 ball pythons (D:1)
  9 bats
  8 giant cockroaches
  7 hobgoblins
  9 jackals
  4 quokkas
  7 frilled lizards
  13 goblins
  16 kobolds
  A quokka skeleton (D:4)
  2 quokka zombies (D:5)
  4 rats
230 creatures vanquished.

Vanquished Creatures (others)
  A dancing weapon (D:7)
  A plant (D:3)
2 creatures vanquished.

Grand Total: 232 creatures vanquished

Notes
Turn   | Place    | Note
-------+----------+-------------------------------------------
     0 | D:1      | Kosschaser the Vine Stalker Enchanter began the quest for the Orb.
     0 | D:1      | Reached XP level 1. HP: 9/9 MP: 4/4
   256 | D:1      | Reached skill level 1 in Short Blades
   258 | D:1      | Reached skill level 4 in Stealth
   258 | D:1      | Reached XP level 2. HP: 5/13 MP: 6/6
   262 | D:1      | Learned a level 2 spell: Ensorcelled Hibernation
  1012 | D:1      | Reached XP level 3. HP: 10/16 MP: 7/7
  1558 | D:2      | Noticed Natasha
  1567 | D:2      | Killed Natasha
  1567 | D:2      | Reached skill level 5 in Stealth
  1567 | D:2      | Reached skill level 1 in Ice Magic
  1567 | D:2      | Gained mutation: Your natural rate of healing is unusually fast. [Vine Stalker growth]
  1567 | D:2      | Reached XP level 4. HP: 15/21 MP: 8/8
  1635 | D:2      | Noticed Natasha
  1641 | D:2      | Killed Natasha
  1707 | D:2      | Learned a level 3 spell: Confuse
  1726 | D:2      | Reached XP level 5. HP: 25/25 MP: 6/9
  1908 | D:2      | Noticed Sigmund
  1931 | D:2      | Killed Sigmund
  1931 | D:2      | Reached skill level 6 in Stealth
  1931 | D:2      | Reached XP level 6. HP: 29/29 MP: 8/10
  2329 | D:3      | Noticed Rrauwl's ghost (amateur TrMo)
  2346 | D:3      | Killed Rrauwl's ghost
  2346 | D:3      | Reached skill level 7 in Stealth
  3123 | D:3      | Reached skill level 1 in Fighting
  3123 | D:3      | Reached XP level 7. HP: 25/33 MP: 9/12
  3182 | D:4      | Found a sacrificial altar of Ru.
  3203 | D:4      | Found a staircase to the Ecumenical Temple.
  3251 | Temple   | Entered the Ecumenical Temple
  3346 | Temple   | Became a worshipper of Dithmenos the Shadowed
  3786 | D:4      | Reached * piety under Dithmenos
  3804 | D:5      | Entered Level 5 of the Dungeon
  3869 | D:5      | Reached skill level 8 in Stealth
  3900 | D:5      | Noticed Edmund
  3911 | D:5      | Killed Edmund
  3911 | D:5      | Gained mutation: You have razor-sharp teeth. [Vine Stalker growth]
  3911 | D:5      | Reached XP level 8. HP: 37/37 MP: 5/13
  4095 | D:5      | Noticed Pikel
  4152 | D:5      | Killed Pikel
  4152 | D:5      | Reached skill level 9 in Stealth
  4152 | D:5      | Reached skill level 5 in Hexes
  4567 | D:5      | Reached XP level 9. HP: 42/42 MP: 13/16
  4698 | D:6      | Learned a level 3 spell: Tukima's Dance
  4964 | D:6      | Noticed a troll
  4967 | D:6      | Reached skill level 5 in Spellcasting
  4971 | D:6      | Killed a troll
  5076 | D:6      | Reached skill level 10 in Stealth
  5635 | D:7      | Reached ** piety under Dithmenos
  6344 | D:8      | Found Ypuon's Distillery.
  6366 | D:8      | Bought a potion of curing for 36 gold pieces
  6366 | D:8      | Bought a potion of agility for 48 gold pieces
  6651 | D:9      | Reached skill level 11 in Stealth
  6674 | D:8      | Reached XP level 10. HP: 39/48 MP: 7/19
  6821 | D:9      | Learned a level 5 spell: Metabolic Englaciation
  6980 | D:9      | Found Bofreala's Magic Scroll Shoppe.
  6998 | D:9      | Bought a scroll of identify for 32 gold pieces
  6998 | D:9      | Bought a scroll of magic mapping for 56 gold pieces
  7213 | D:9      | Reached skill level 12 in Stealth
  7327 | D:9      | Noticed luab's ghost (novice MiFi)
  7466 | D:9      | Reached *** piety under Dithmenos
  7644 | D:9      | Killed luab's ghost
  7644 | D:9      | Reached skill level 13 in Stealth
  7796 | D:9      | Noticed a two-headed ogre
  7804 | D:9      | Killed a two-headed ogre
  7827 | D:10     | Entered Level 10 of the Dungeon
  7992 | D:10     | Reached skill level 5 in Short Blades
  8022 | D:10     | Found a staircase to the Lair.
  8048 | D:10     | Reached XP level 11. HP: 30/52 MP: 19/22
  8087 | D:10     | Got an ancient helmet
  8098 | D:10     | Identified the cursed -3 helmet of Freedom {MR+} (You found it on level 10 of the Dungeon)
  8588 | D:11     | Found a frozen archway.
  8594 | IceCv    | Entered an ice cave
  8635 | IceCv    | Noticed a white ugly thing
  8671 | IceCv    | Slain by a white ugly thing

Skill      XL: |  1  2  3  4  5  6  7  8  9 10 11 |
---------------+----------------------------------+-----
Short Blades   | 1 2 3 4 5 |  5.5
Stealth        | 4 5 6 7 8 9 11 13 | 13.7
Ice Magic      | 1 2 3 4 |  4.3
Dodging        | 2 3 4 |  4.4
Fighting       | 1 2 3 |  3.5
Hexes          | 4 5 6 |  6.3
Spellcasting   | 3 4 5 6 7 |  7.0
Invocations    | |  0.2

Action                   |  1- 3 |  4- 6 |  7- 9 | 10-12 || total
-------------------------+-------+-------+-------+-------++-------
Melee: Dagger            |    93 |    98 |   359 |    58 ||   608
       Bite              |    26 |    15 |   102 |    46 ||   189
       Rapier            |       |       |       |   108 ||   108
 Cast: Ensorcelled Hiber |    12 |     6 |    36 |    17 ||    71
       Confuse           |       |     6 |    14 |     7 ||    27
       Tukima's Dance    |       |       |     3 |       ||     3
Invok: Shadow Step       |       |       |       |     2 ||     2
  Use: Scroll            |       |       |     9 |     6 ||    15
 Stab: Sleeping          |     6 |    18 |    29 |    36 ||    89
       Distracted        |     1 |     3 |     1 |     1 ||     6
       Confused          |       |     3 |     4 |     2 ||     9
  Eat: Chunk             |     3 |     4 |    17 |     6 ||    30
Armor: Robe              |    16 |    26 |    82 |    29 ||   153
Dodge: Dodged            |    57 |    51 |   205 |   113 ||   426
Block: Other             |     3 |    10 |    35 |    20 ||    68
